 Dungeon Crawl Stone Soup version 0.26.1-2-gb8aa6d0cf2 (webtiles) character file.

Game seed: 13544921168446953671

203 Gadfly the Covered (level 6, -6/42 HPs)
             Began as a Halfling Fighter on Feb 14, 2021.
             Mangled by an ogre
             ... wielding a +0 giant club
              (7 damage)
             ... on level 4 of the Dungeon.
             The game lasted 00:05:04 (3514 turns).

Gadfly the Covered (Halfling Fighter)               Turns: 3514, Time: 00:05:05

Health: -6/42      AC:  7    Str: 19    XL:     6   Next: 8%
Magic:  7/7        EV:  9    Int:  2    God:
Gold:   128        SH: 11    Dex: 14    Spells: 5/5 levels left

rFire    . . .     SeeInvis .   a - +1 rapier
rCold    . . .     Faith    .   c - +1 kite shield
rNeg     . . .     Spirit   .   k - +0 scale mail
rPois    .         Reflect  .   (no helmet)
rElec    .         Harm     .   (no cloak)
rCorr    .         Rampage  .   (no gloves)
Will     +....                  (no boots)
Stlth    ..........             (no amulet)
HPRegen  0.14/turn              n - ring of willpower
MPRegen  0.10/turn              m - -4 ring of intelligence (curse)

@: no status effects
A: small, mutation resistance 1
a: no special abilities


You were on level 4 of the Dungeon.
You visited 1 branch of the dungeon, and saw 4 of its levels.
You also visited: Sewer.

You collected 128 gold pieces.

Inventory:

Hand Weapons
 a - a +1 rapier (weapon)
 b - a +2 dagger of speed
Missiles
 f - 154 stones (quivered)
Armour
 c - a +1 kite shield (worn)
 k - a +0 scale mail (worn)
Jewellery
 m - a cursed -4 ring of intelligence (right hand)
 n - a ring of willpower (left hand)
Scrolls
 e - 3 scrolls of teleportation
 i - 2 scrolls of remove curse
 o - a scroll of blinking
 p - a scroll of identify
 r - a scroll of fear {unknown}
Potions
 d - a potion of might
 g - a potion of berserk rage
 h - a potion of mutation
 j - 2 potions of haste
 l - 2 potions of heal wounds
 q - a potion of lignification {unknown}


   Skills:
 + Level 3.1 Fighting
 * Level 3.8 Short Blades
 + Level 1.6 Slings
 + Level 3.8 Armour
 + Level 3.8 Shields
 * Level 2.2 Invocations
 * Level 2.1 Evocations


You had 5 spell levels left.
You didn't know any spells.
Your spell library was empty.

Dungeon Overview and Level Annotations

Branches:
Dungeon (4/15)              Sewer (visited)
 Temple: D:4-7

Altars:


Innate Abilities, Weirdness & Mutations

You are small and have problems with some larger weapons.
You are somewhat resistant to further mutation.


Message History

The ogre is moderately wounded.
The ogre misses you.
You hit the ogre but do no damage.
The ogre is moderately wounded.
The ogre hits you with a +0 giant club!!
You hit the ogre.
The ogre is heavily wounded.
The ogre hits you with a +0 giant club!!
Ouch! That really hurt!
* * * LOW HITPOINT WARNING * * *
You are too injured to fight recklessly!
You are too injured to fight recklessly!
You are too injured to fight recklessly!
You are too injured to fight recklessly!
You are too injured to fight recklessly!
You are too injured to fight recklessly!
You hit the ogre.
The ogre is heavily wounded.
The ogre hits you with a +0 giant club!
You die...

##########
#...O@...#
#.######.# #.# #.#
######.# ###
#......# #..
#.###..# #.# #..#
#.#
#.###..###.#########


You could see an ogre.

Vanquished Creatures
  A river rat (D:3)
  9 adders
  2 oozes
  2 worms (D:3)
  3 dart slugs (D:1)
  4 leopard geckos
  12 bats
  3 giant cockroaches
  4 goblins
  7 hobgoblins
  11 jackals
  13 kobolds
  A quokka (D:2)
  7 ball pythons
  4 frilled lizards
  10 rats
93 creatures vanquished.

Vanquished Creatures (others)
  6 plants (Sewer)
6 creatures vanquished.

Grand Total: 99 creatures vanquished

Notes
Turn   | Place    | Note
-------+----------+-------------------------------------------
     0 | D:1      | Gadfly the Halfling Fighter began the quest for the Orb.
     0 | D:1      | Reached XP level 1. HP: 15/15 MP: 1/1
   106 | D:1      | Reached XP level 2. HP: 18/20 MP: 2/2
   548 | D:1      | Reached XP level 3. HP: 23/25 MP: 3/3
   614 | D:1      | Reached skill level 1 in Invocations
   622 | D:1      | Reached skill level 1 in Evocations
   781 | D:2      | Reached skill level 1 in Slings
   905 | D:2      | Reached XP level 4. HP: 30/30 MP: 4/4
  1644 | D:3      | Reached XP level 5. HP: 27/36 MP: 6/6
  1977 | D:3      | Found a glowing drain.
  1992 | Sewer    | Entered a sewer
  3131 | D:3      | Reached XP level 6. HP: 42/42 MP: 7/7
  3502 | D:4      | Noticed an ogre
  3513 | D:4      | HP: 1/42 [ogre/+0 giant club (23)]
  3514 | D:4      | Mangled by an ogre

Illustrated notes

Levels and vault maps discovered:
D:1:      lightli_arrival_boilingwater, layout_rooms,
          minmay_misc_feat_four_crosses
D:2:      layout_basic
D:3:      layout_basic, gup_sewer_entry_spiral, grunt_decor_fettered,
          chequers_jeans
D:4:      layout_loops_ring, guppyfry_shop_venom, uniq_eustachio, uniq_robin

Skill      XL: |  1  2  3  4  5 |
---------------+----------------+-----
Invocations    | 1 2 |  2.2
Evocations     | 1 2 |  2.1
Short Blades   | 3 |  3.8
Slings         | 1 |  1.6
Fighting       | 3 |  3.1
Armour         | |  3.8
Shields        | |  3.8

Action                   |  1- 3 |  4- 6 || total
-------------------------+-------+-------++-------
Melee: Rapier            |    99 |    52 ||   151
       Dagger            |       |   271 ||   271
  Use: Scroll            |     8 |     4 ||    12
       Potion            |       |     3 ||     3
Armor: Scale mail        |    44 |    70 ||   114
Dodge: Dodged            |    33 |    64 ||    97
Block: Kite shield       |    71 |   124 ||   195
